 Dungeon Crawl Stone Soup version 0.27-a0-998-g4cfe56dd59 (webtiles) character file.

Game seed: 4713331046379782999

17048 chippings the Cleaver (level 12, -18/86 HPs)
             Began as a Barachi Ice Elementalist on Apr 16, 2021.
             Was the Champion of Cheibriados.
             Demolished by Rupert
             ... wielding a +4 great mace of protection
              (34 damage)
             ... on level 12 of the Dungeon.
             The game lasted 00:45:28 (10578 turns).

chippings the Cleaver (Barachi Ice Elementalist)   Turns: 10578, Time: 00:45:28

Health: -18/86     AC: 13    Str: 27    XL:     12   Next: 43%
Magic:  20/24      EV: 21    Int: 34    God:    Cheibriados [******]
Gold:   760        SH:  0    Dex: 29    Spells: 17/28 levels left

rFire    + . .     SeeInvis .   a - +8 broad axe "Giantslayer" {drain, rN+ Str+2}
rCold    . . .     Faith    .   (no shield)
rNeg     + . .     Spirit   .   D - +2 robe {rF+}
rPois    .         Reflect  .   x - +1 hat
rElec    +         Harm     .   T - -3 cloak of the Valley {Will+ Regen+}
rCorr    .         Rampage  .   (no gloves)
Will     ++...                  (no boots)
Stlth    +++++.....             d - amulet of regeneration
HPRegen  2.24/turn              S - ring of the Final Chapter {rElec Slay+4}
MPRegen  0.19/turn              n - ring of willpower

@: ice-armoured, very slow
A: +LOS, amphibious, slowness 1, strong legs 1
a: Hop, Renounce Religion, Bend Time, Temporal Distortion, Slouch, Step From
Time


You were on level 12 of the Dungeon.
You worshipped Cheibriados.
Cheibriados was exalted by your worship.
You visited 1 branch of the dungeon, and saw 12 of its levels.

You collected 760 gold pieces.

Inventory:

Hand Weapons
 a - the +8 broad axe "Giantslayer" (weapon) {drain, rN+ Str+2}
   (You took it off an orc on level 8 of the Dungeon)

   A truly terrible weapon, it drains the life of those it strikes.
   It affects your strength (+2).
   It protects you from negative energy.
 m - the +9 hand axe of Tydghaen {freeze, rPois rF++ rCorr MP-9}
   (You found it on level 9 of the Dungeon)

   It has been specially enchanted to freeze those struck by it, causing extra
   injury to most foes and up to half again as much damage against particularly
   susceptible opponents.
   It can also slow down cold-blooded creatures.
   It greatly protects you from fire.
   It protects you from poison.
   It affects your magic capacity (-9).
   It protects you from acid and corrosion.
 H - a +4 scimitar of protection
Missiles
 l - 6 throwing nets
 v - 8 silver boomerangs (quivered)
 C - 10 curare-tipped darts
 K - 6 atropa-tipped darts
Armour
 x - a +1 hat (worn)
 B - a +0 buckler
 D - a +2 robe of fire resistance (worn)
 J - +0 swamp dragon scales
 L - +0 acid dragon scales
 N - a +0 robe of willpower
 Q - a +1 robe of cold resistance
 T - the -3 cloak of the Valley (worn) {Will+ Regen+}
   (You found it on level 12 of the Dungeon)

   It increases your rate of health regeneration.
   It increases your willpower.
Magical Staves
 s - a staff of cold
Jewellery
 d - an amulet of regeneration (around neck)
 g - a ring of flight
 n - a ring of willpower (right hand)
 O - a ring of ice
 S - the ring of the Final Chapter (left hand) {rElec Slay+4}
   (You acquired it on level 12 of the Dungeon)

   [ring of slaying]

   It affects your accuracy and damage with ranged weapons and melee attacks
   (+4).
   It insulates you from electricity.
Wands
 c - a wand of paralysis (4)
 e - a wand of mindburst (26)
 u - a wand of digging (13)
 w - a wand of iceblast (34)
 G - a wand of acid (6)
Scrolls
 f - 7 scrolls of teleportation
 i - 8 scrolls of identify
 j - a scroll of immolation
 p - 2 scrolls of blinking
 q - a scroll of enchant weapon
 t - 4 scrolls of magic mapping
 E - 3 scrolls of fear
 I - a scroll of vulnerability
 M - 3 scrolls of silence {unknown}
Potions
 b - a potion of invisibility
 h - 2 potions of haste {unknown}
 k - 4 potions of heal wounds
 o - 2 potions of mutation {unknown}
 r - 7 potions of curing {unknown}
 y - a potion of flight
 z - 2 potions of lignification {unknown}
 A - 2 potions of cancellation {unknown}
 F - a potion of might
 R - a potion of magic {unknown}


   Skills:
 + Level 5.2 Fighting
 - Level 5.0 Long Blades
 * Level 11.3(11.4) Axes
 - Level 2.6(7.8) Maces & Flails
 + Level 8.5 Dodging
 - Level 8.0 Stealth
 + Level 8.5 Spellcasting
 - Level 4.0 Conjurations
 - Level 10.0 Ice Magic


You had 17 spell levels left.
You knew the following spells:

 Your Spells              Type           Power      Damage    Failure   Level
a - Corona                Hex            15%        N/A       3%          1
b - Frozen Ramparts       Ice            100%       1d12      1%          3
c - Ozocubu's Armour      Ice            70%        N/A       1%          3
d - Hailstorm             Conj/Ice       58%        3d13      1%          4

Your spell library contained the following spells:

 Spells                   Type           Power      Damage    Failure   Level
 Foxfire                  Conj/Fire      100%       2x1d9     1%          1
 Freeze                   Ice            100%       1d11      1%          1
 Ensorcelled Hibernation  Hex/Ice        96%        N/A       1%          2
 Animate Skeleton         Necr           28%        N/A       3%          1
 Apportation              Tloc           28%        N/A       3%          1
 Summon Small Mammal      Summ           56%        N/A       3%          1
 Conjure Flame            Conj/Fire      28%        6-21      4%          3
 Dazzling Flash           Conj/Hex       56%        N/A       4%          3
 Confusing Touch          Hex            14%        N/A       10%         3
 Gell's Gravitas          Tloc           7%         N/A       10%         3
 Inner Flame              Hex/Fire       14%        N/A       10%         3
 Tukima's Dance           Hex            14%        N/A       10%         3
 Metabolic Englaciation   Hex/Ice        24%        N/A       11%         5
 Sticky Flame             Conj/Fire      28%        2d5       14%         4
 Petrify                  Tmut/Erth      14%        N/A       30%         4
 Fireball                 Conj/Fire      14%        3d8       36%         5
 Yara's Violent Unravell  Hex/Tmut       7%         3d5       65%         5


Dungeon Overview and Level Annotations

Branches:
Dungeon (12/15)            Temple (0/1) D:7            Lair (0/6) D:8
    Orc (0/2) D:12

Altars:
Cheibriados
Fedhas
Makhleb
Nemelex Xobeh
Okawaru
Qazlal
Trog
Wu Jian

Annotations:
D:10 2 transporters, tinescath's ghost, journeyman OpVM
D:12 Rupert


Innate Abilities, Weirdness & Mutations

You can be seen from farther away. (+LOS)
You are amphibious.
You cover ground slowly.
You can hop short distances.


Message History

Cheibriados appreciates the change of pace.
The troll leather armour is intact enough to wear.
Your icy armour cracks and falls away as you move.
Rupert the Wild comes into view.
He is wielding a +4 great mace of protection and wearing a +1 leather armour of fire resistance.
Things that are here:
a +0 troll leather armour; 3 scrolls of identify; a troll corpse
Casting: Ozocubu's Armour (safe; 1% risk of failure)
Confirm with . or Enter, or press ? or * to list all spells.
A film of ice covers your body!
Rupert shouts!
You slice Rupert!!
Rupert is lightly wounded.
Rupert barely misses you.
You slash Rupert! You drain Rupert.
Rupert is moderately wounded.
Rupert hits you with a +4 great mace of protection!!
You hit Rupert. You drain Rupert.
Rupert is moderately wounded.
Rupert hits you with a +4 great mace of protection!
You barely miss Rupert.
Rupert is moderately wounded.
Rupert looks excited.
Rupert roars madly and goes into a rage!
Rupert goes berserk!
You slash Rupert!
Rupert is moderately wounded.
Rupert hits you with a +4 great mace of protection!!
You closely miss Rupert.
Rupert is moderately wounded.
Rupert closely misses you.
Rupert hits you with a +4 great mace of protection!!
* * * LOW HITPOINT WARNING * * *
Aiming: Paralyse
Press: ? - help, Shift-Dir - straight line, f - Rupert
Aim: Rupert, wielding a +4 great mace of protection and wearing a +1 leather armour of fire resistance (moderately wounded, berserk, lightly drained, chance to affect: 4%)
Okay, then.
You slash Rupert!
Rupert is heavily wounded.
Rupert hits you with a +4 great mace of protection!!
You die...

#. .......+..... #..
#......##.... ..
#...## ##### .. #...
###### . #.. #.....
#' #.....
##'######### #.....
#..@.....≈≈## #.....
#...@....≈≈≈#########
#.........≈≈≈##......
##'########≈≈≈##.....
#. ##≈≈≈##.... .
###≈≈≈##... #.
#.##≈≈≈##.. #
#..##≈≈≈##.
#(..##≈≈≈##
#....##≈≈≈#


You could see Rupert (berserk, drained).

Vanquished Creatures
  Harold (D:11)
  Fannar (D:10)
  A boulder beetle (D:11)
  A two-headed ogre (D:11)
  3 death yaks (D:8)
  Urug (D:10)
  Pikel (D:4)
  2 ugly things (D:12)
  A manticore (D:11)
  A gargoyle (D:12)
  Maggie (D:10)
  An unseen horror (D:12)
  2 trolls (D:12)
  Grinder (D:3)
  2 wyverns (D:11)
  Sigmund (D:6)
  5 yaks (D:10)
  2 shadows
  3 wraiths
  A steam dragon (D:8)
  2 vampire mosquitoes (D:10)
  3 water moccasins
  3 acid dragons
  Duvessa (D:4)
  2 ice beasts
  4 black bears
  A sky beast (D:8)
  An ogre (D:6)
  7 orc warriors
  A necrophage (D:6)
  3 phantoms
  3 lemures (D:4)
  A kobold brigand (D:7)
  4 bullfrogs
  Blork the orc (D:6)
  2 gnoll sergeants
  2 scorpions (D:6)
  A water moccasin zombie (D:5)
  A wyvern skeleton (D:7)
  Dowan (D:4)
  14 killer bees
  7 wights
  5 howler monkeys
  4 centaur zombies
  4 hounds
  3 jellies (D:6)
  2 gnoll shamans
  4 orc priests
  A bullfrog skeleton (D:5)
  Jessica (D:2)
  Ijyb (D:3)
  Terence (D:3)
  5 iguanas
  14 orc wizards
  Natasha (thrice) (D:4)
  A hell rat (D:8)
  A killer bee zombie (D:8)
  A hound zombie (D:5)
  A howler monkey zombie (D:9)
  Robin (D:2)
  18 gnolls
  A howler monkey skeleton (D:5)
  A river rat (D:8)
  7 adders
  4 white imps
  A worm (D:2)
  12 dart slugs
  34 orcs
  5 endoplasms
  A giant cockroach (D:1)
  21 goblins
  5 hobgoblins
  9 kobolds
  3 quokkas
  3 ball pythons
  7 bats
  5 rats
287 creatures vanquished.

Vanquished Creatures (collateral kills)
  Sonja (D:10)
1 creature vanquished.

Vanquished Creatures (others)
  2 plants (D:5)
2 creatures vanquished.

Grand Total: 290 creatures vanquished

Notes
Turn   | Place    | Note
-------+----------+-------------------------------------------
     0 | D:1      | chippings the Barachi Ice Elementalist began the quest for
                  | the Orb.
     0 | D:1      | Reached XP level 1. HP: 13/13 MP: 3/3
    31 | D:1      | Reached skill level 5 in Ice Magic
    75 | D:1      | Reached XP level 2. HP: 19/19 MP: 0/5
   872 | D:1      | Reached XP level 3. HP: 24/24 MP: 4/6
   876 | D:1      | Learned a level 3 spell: Frozen Ramparts
   880 | D:1      | Learned a level 3 spell: Ozocubu's Armour
   908 | D:1      | Found a faded altar of an unknown god.
  1475 | D:2      | Noticed Jessica
  1500 | D:2      | Killed Jessica
  1501 | D:2      | Reached XP level 4. HP: 25/30 MP: 3/8
  1659 | D:2      | Noticed Robin
  1674 | D:2      | Killed Robin
  2157 | D:3      | Noticed Terence
  2205 | D:3      | Killed Terence
  2206 | D:3      | Reached XP level 5. HP: 35/35 MP: 2/10
  2399 | D:3      | Noticed Ijyb
  2407 | D:3      | Killed Ijyb
  2534 | D:3      | Found a snail-covered altar of Cheibriados.
  2555 | D:3      | Became a worshipper of Cheibriados the Contemplative
  2739 | D:3      | Reached XP level 6. HP: 36/41 MP: 7/11
  3007 | D:3      | Found an iron altar of Okawaru.
  3054 | D:3      | Noticed Grinder
  3078 | D:3      | Killed Grinder
  3435 | D:4      | Reached * piety under Cheibriados
  3436 | D:4      | Reached XP level 7. HP: 43/46 MP: 10/13
  3442 | D:4      | Noticed Natasha
  3449 | D:4      | Killed Natasha
  3456 | D:4      | Noticed Duvessa
  3456 | D:4      | Noticed Dowan
  3498 | D:3      | Learned a level 4 spell: Hailstorm
  3505 | D:4      | Killed Dowan
  3506 | D:4      | Killed Duvessa
  3507 | D:4      | Reached skill level 1 in Conjurations
  3591 | D:4      | Noticed Pikel
  3606 | D:4      | Killed Pikel
  3607 | D:4      | Reached skill level 5 in Stealth
  3607 | D:4      | Reached skill level 5 in Spellcasting
  3607 | D:4      | Reached XP level 8. HP: 51/52 MP: 6/16
  3862 | D:4      | Noticed Natasha
  3869 | D:4      | Killed Natasha
  4084 | D:4      | Noticed Natasha
  4097 | D:4      | Killed Natasha
  4287 | D:5      | Entered Level 5 of the Dungeon
  4524 | D:5      | Reached ** piety under Cheibriados
  4580 | D:5      | Reached XP level 9. HP: 56/57 MP: 15/17
  4621 | D:5      | Found an ornate altar of the Wu Jian Council.
  4817 | D:5      | Found a stormy altar of Qazlal.
  4819 | D:5      | Found a blossoming altar of Fedhas.
  5035 | D:6      | Noticed Sigmund
  5091 | D:6      | Killed Sigmund
  5092 | D:6      | Reached skill level 1 in Fighting
  5092 | D:6      | Reached skill level 1 in Maces & Flails
  5092 | D:6      | Reached skill level 5 in Dodging
  5175 | D:6      | Reached *** piety under Cheibriados
  5537 | D:6      | Found a burning altar of Makhleb.
  5827 | D:6      | Reached skill level 1 in Long Blades
  5858 | D:6      | Reached XP level 10. HP: 70/70 MP: 16/20
  6103 | D:6      | Noticed Blork the orc
  6110 | D:6      | Killed Blork the orc
  6110 | D:6      | Reached **** piety under Cheibriados
  6474 | D:7      | Found a staircase to the Ecumenical Temple.
  6514 | D:7      | Reached ***** piety under Cheibriados
  7100 | D:8      | Identified the +8 broad axe "Giantslayer" {drain, rN+
                  | Str+2}
  7112 | D:8      | Reached skill level 5 in Long Blades
  7254 | D:8      | Noticed a death yak
  7271 | D:8      | Found a staircase to the Lair.
  7279 | D:8      | Killed a death yak
  7280 | D:8      | Reached skill level 2 in Axes
  7280 | D:8      | Reached skill level 10 in Ice Magic
  7284 | D:8      | Noticed a death yak
  7284 | D:8      | Noticed a death yak
  7325 | D:8      | Killed a death yak
  7326 | D:8      | Reached skill level 3 in Axes
  7326 | D:8      | Reached XP level 11. HP: 19/77 MP: 12/23
  7326 | D:8      | Killed a death yak
  7327 | D:8      | Reached skill level 4 in Axes
  7399 | D:8      | Reached ****** piety under Cheibriados
  8074 | D:9      | Reached skill level 5 in Axes
  8241 | D:9      | Identified the +9 hand axe of Tydghaen {freeze, rPois rF++
                  | rCorr MP-9}
  8471 | D:9      | Found a sparkling altar of Nemelex Xobeh.
  8538 | D:10     | Entered Level 10 of the Dungeon
  8548 | D:10     | Identified a scroll of acquirement
  8548 | D:10     | Acquired a staff of cold
  8555 | D:10     | Noticed Sonja
  8560 | D:10     | Killed Sonja
  8585 | D:10     | Noticed Urug
  8595 | D:10     | Killed Urug
  8596 | D:10     | Reached skill level 6 in Axes
  8602 | D:10     | Noticed Fannar
  8606 | D:10     | Reached skill level 7 in Axes
  8615 | D:10     | Killed Fannar
  8616 | D:10     | Reached skill level 8 in Axes
  8619 | D:10     | Noticed Maggie
  8625 | D:10     | Killed Maggie
  8729 | D:10     | Found a transporter.
  8732 | D:10     | Noticed a tengu warrior
  8735 | D:10     | Found a bloodstained altar of Trog.
  8820 | D:10     | Learned a level 1 spell: Corona
  8837 | D:10     | Found a transporter.
  8842 | D:10     | Noticed a moth of wrath
  9042 | D:10     | Noticed tinescath's ghost (journeyman OpVM)
  9268 | D:11     | Reached skill level 9 in Axes
  9305 | D:11     | Noticed Harold
  9318 | D:11     | Killed Harold
  9373 | D:11     | Noticed a boulder beetle
  9385 | D:11     | Killed a boulder beetle
  9386 | D:11     | Reached skill level 10 in Axes
  9386 | D:11     | Reached XP level 12. HP: 55/83 MP: 18/24
  9673 | D:11     | Noticed a two-headed ogre
  9679 | D:11     | Killed a two-headed ogre
  9918 | D:12     | Reached skill level 11 in Axes
  9925 | D:12     | Acquired the ring of the Final Chapter {rElec Slay+4}
 10285 | D:12     | Identified the -3 cloak of the Valley {Will+ Regen+}
 10368 | D:12     | Reached skill level 5 in Fighting
 10482 | D:12     | Found a staircase to the Orcish Mines.
 10570 | D:12     | Noticed Rupert
 10578 | D:12     | Demolished by Rupert

Illustrated notes

Levels and vault maps discovered:
D:1:      scummos_arrival_forest, layout_basic, ebering_ecumenical_altar_hall
D:2:      layout_basic, uniq_jessica, uniq_robin
D:3:      layout_loops_corners, nicolae_overflow_hidden_temple,
          lemuel_coloured_pillars_altar, serial_glass, glass_columns_a,
          glass_columns_b, minmay_close_crescents, uniq_ijyb, uniq_grinder,
          uniq_terence
D:4:      kennysheep_slugbush, layout_loops_ring, uniq_duvessa, uniq_natasha,
          uniq_pikel
D:5:      layout_rooms, grunt_temple_overflow_forces_of_nature,
          nicolae_wu_jian_wuxing_cycle
D:6:      minmay_diamond_boxcup, layout_basic, old_standard_altar,
          ebering_dispersal_statue_hall, hangedman_abyss_or_decor_stabs,
          uniq_sigmund, uniq_blork_the_orc
D:7:      layout_cave_pools, minmay_temple_entry_from_below_a
D:8:      layout_basic, dpeg_lair_monsters
D:9:      layout_irregular_city, overflow_temple_1_default
D:10:     layout_basic, gammafunk_ghost_wrathful_warriors, uniq_fannar,
          uniq_maggie, uniq_urug, uniq_sonja
D:11:     layout_cave_pools, eino_small_chamber_without_monster,
          lightli_orcish_oven, uniq_harold
D:12:     layout_basic, david_orc_4, grunt_ministairs_8,
          kennysheep_opposing_triangles, uniq_rupert

Skill      XL: |  1  2  3  4  5  6  7  8  9 10 11 12 |
---------------+-------------------------------------+-----
Ice Magic      | 5 6 7 8 9 10 | 10.0
Stealth        | 2 3 4 5 6 7 8 |  8.0
Spellcasting   | 3 4 5 6 8 |  8.5
Conjurations   | 2 3 4 |  4.0
Dodging        | 3 4 5 7 8 |  8.5
Fighting       | 3 4 5 |  5.2
Maces & Flails | 2 |  2.6
Long Blades    | 1 5 |  5.0
Axes           | 3 10 11 | 11.3

Action                   |  1- 3 |  4- 6 |  7- 9 | 10-12 || total
-------------------------+-------+-------+-------+-------++-------
Melee: Unarmed           |    24 |    26 |       |       ||    50
       Club              |       |    11 |       |       ||    11
       Mace              |       |    24 |   186 |       ||   210
       Scimitar          |       |       |     9 |    80 ||    89
       Broad axe         |       |       |       |   157 ||   157
Throw: Boomerang         |       |       |     1 |     1 ||     2
 Cast: Freeze            |    28 |    11 |     2 |       ||    41
       Frozen Ramparts   |     4 |    17 |    31 |    25 ||    77
       Ozocubu's Armour  |     1 |     2 |    21 |    32 ||    56
       Hailstorm         |       |       |     6 |    28 ||    34
       Corona            |       |       |       |     2 ||     2
 Abil: Hop               |       |       |     1 |       ||     1
  Use: Potion            |       |     2 |       |     1 ||     3
       Scroll            |       |       |       |    14 ||    14
 Stab: Sleeping          |       |     2 |     6 |    12 ||    20
       Distracted        |       |       |       |     1 ||     1
Armor: Robe              |     6 |    14 |    75 |    55 ||   150
Dodge: Dodged            |    34 |    40 |   188 |   228 ||   490
       Rpst.: Scimitar   |       |       |     2 |    20 ||    22

Table legend: (Time is in decaauts)
 A = Elapsed time spent in this place.
 B = Non-inter-level travel time spent in this place.
 C = Inter-level travel time spent in this place.
 D = Time resting spent in this place.
 E = Time spent auto-exploring this place.
 F = Levels seen in this place.
 G = Mean time per level.
                   A        B        C        D        E       F      G
               +--------+--------+--------+--------+--------+-----+--------+
         Total |  16946 |  16299 |    647 |     99 |  10992 |  12 | 1412.2 |
       Dungeon |  16946 |  16299 |    647 |     99 |  10992 |  12 | 1412.2 |
               +--------+--------+--------+--------+--------+-----+--------+

Top non-repeatable levels by time:
     D:6: 1884 daAuts
     D:3: 1722 daAuts
     D:9: 1706 daAuts
    D:10: 1449 daAuts
     D:8: 1428 daAuts
    D:12: 1357 daAuts
     D:7: 1275 daAuts
     D:4: 1269 daAuts
    D:11: 1268 daAuts
     D:5: 1204 daAuts
     D:1: 1194 daAuts
     D:2: 1184 daAuts
